 Dungeon Crawl Stone Soup version 0.31.0-4-g52a2dc7128 (webtiles) character file.

Game seed: 4834823405131954464

118516 Yore the Warrior (level 16, -1/117 HPs)
             Began as a Gargoyle Fighter on Jan 22, 2024.
             Was the Champion of the Shining One.
             Incinerated by a deep elf pyromancer (9 damage)
             ... with a pyre arrow
             ... on level 1 of the Elven Halls on Jan 23, 2024.
             The game lasted 00:56:50 (27298 turns).

Yore the Warrior (Gargoyle Fighter)                Turns: 27298, Time: 00:56:51

Health: -1/117     AC: 43    Str: 31    XL:     16   Next: 77%
Magic:  36/36      EV: 10    Int:  5    God:    the Shining One [******]
Gold:   1421       SH: 10    Dex: 15    Spells: 15/15 levels left

rFire   . . .        i - +3 mace "Hyhiceim" {elec, rElec rCorr Str+3 Int-5}
rCold   . . .        c - +0 buckler
rNeg    + + +        A - +6 plate armour of the Original Sin {rC- Will- MP+9 Slay+5}
rPois   ∞            D - +2 hat
rElec   +            g - +0 cloak
rCorr   +            H - +0 pair of gloves
SInv    .            d - +2 pair of boots
Will    .....        b - amulet of reflection Stlth
                     t - ring "Vell" {rN+ Str+7}
HPRegen 0.39/turn    f - ring of protection from cold
MPRegen 0.25/turn

%: reflection
@: on fire, flying, glowing
A: sickness immunity, AC +12, big wings, negative energy resistance 1,
electricity resistance, torment resistance 1, petrification resistance
a: Renounce Religion, Divine Shield, Cleansing Flame, Summon Divine Warrior,
Brand Weapon With Holy Wrath


You were on level 1 of the Elven Halls.
You worshipped the Shining One.
The Shining One was exalted by your worship.
You visited 5 branches of the dungeon, and saw 25 of its levels.
You also visited: Sewer and Ice Cave.

You collected 3078 gold pieces.
You spent 1657 gold pieces at shops.

Inventory:

Hand Weapons
 i - the +3 mace "Hyhiceim" (weapon) {elec, rElec rCorr Str+3 Int-5}
   (You found it on level 4 of the Dungeon)

   Str+3:     It affects your strength (+3).
   Int-5:     It affects your intelligence (-5).
   rElec:     It insulates you from electricity.
   rCorr:     It protects you from acid and corrosion.
 E - the +6 shillelagh "Devastator" {shatter}
   (You found it on level 8 of the Dungeon)
Missiles
 r - 4 javelins
 J - 3 throwing nets (quivered)
 L - 13 boomerangs
Armour
 c - a +0 buckler (worn)
 d - a +2 pair of boots (worn)
 g - a +0 cloak (worn)
 A - the +6 plate armour of the Original Sin (worn) {rC- Will- MP+9 Slay+5}
   (You found it on level 7 of the Dungeon)

   Slay+5:    It affects your accuracy & damage with ranged weapons and melee
   (+5).
   rC-:       It makes you vulnerable to cold.
   Will-:     It decreases your willpower.
   MP+9:      It affects your magic capacity (+9).
 D - a +2 hat (worn)
 H - a +0 pair of gloves (worn)
 O - the +7 plate armour of Focus {Str+3}
   (You found it on level 5 of the Lair of Beasts)

   Str+3:     It affects your strength (+3).
 P - a +2 chain mail of cold resistance
Jewellery
 b - an amulet of reflection (around neck)
 f - a ring of protection from cold (right hand)
 p - a +4 ring of protection
 t - the ring "Vell" (left hand) {rN+ Str+7}
   (You found it on level 4 of the Dungeon)

   [ring of positive energy]

   Str+7:     It affects your strength (+7).
   rN+:       It protects you from negative energy.
 N - a +6 ring of strength
Wands
 e - a wand of digging (8)
 j - a wand of polymorph (7)
 o - a wand of flame (10)
 x - a wand of roots (19)
 y - a wand of paralysis (21)
 I - a wand of light (2)
Scrolls
 a - 4 scrolls of blinking
 n - a scroll of butterflies
 q - 5 scrolls of identify
 s - 4 scrolls of noise
 u - 5 scrolls of fear
 v - 3 scrolls of teleportation
 w - 3 scrolls of fog
 z - 3 scrolls of enchant weapon
 F - 4 scrolls of revelation
 G - 6 scrolls of poison
 M - a scroll of enchant armour
 S - a scroll of brand weapon
Potions
 h - 5 potions of curing
 k - 6 potions of brilliance
 l - 3 potions of enlightenment
 m - 2 potions of heal wounds
 B - a potion of resistance
 C - 3 potions of haste
 K - a potion of might
 Q - a potion of lignification
 R - 2 potions of magic
 U - a potion of mutation


   Skills:
 * Level 19.6 Fighting
 + Level 13.8 Maces & Flails
 + Level 14.4 Armour
 - Level 5.0 Dodging
 - Level 0.4 Stealth
 - Level 4.0 Shields
 + Level 14.8 Invocations


You had 15 spell levels left.
You didn't know any spells.
Your spell library contained the following spells:

 Spells                   Type           Power      Damage    Failure   Level
 Apportation              Tloc           0%         N/A       97%         1
 Foxfire                  Conj/Fire      0%         2x1d4     97%         1
 Necrotise                Necr           0%         1d4       97%         1
 Ensorcelled Hibernation  Hex/Ice        0%         N/A       99%         2
 Jinxbite                 Hex            0%         N/A       99%         2
 Mercury Vapours          Alch/Air       0%         N/A       99%         2
 Static Discharge         Conj/Air       0%         3-3/arc   99%         2
 Call Canine Familiar     Summ           0%         N/A       100%        3
 Hailstorm                Conj/Ice       0%         3d5       100%        3
 Mephitic Cloud           Conj/Alch/Air  0%         N/A       100%        3
 Passwall                 Erth           0%         N/A       100%        3
 Sigil of Binding         Hex            0%         N/A       100%        3
 Summon Ice Beast         Ice/Summ       0%         N/A       100%        3
 Swiftness                Air            0%         N/A       100%        3
 Tukima's Dance           Hex            0%         N/A       100%        3
 Vampiric Draining        Necr           0%         2d6       100%        3
 Airstrike                Air            0%         2d(0-16)  100%        4
 Animate Dead             Necr           0%         N/A       100%        4
 Dimensional Bullseye     Hex/Tloc       0%         N/A       100%        4
 Dispel Undead            Necr           0%         3d6       100%        4
 Ignite Poison            Fire/Alch      0%         N/A       100%        4
 Iskenderun's Mystic Bla  Conj/Tloc      0%         2d3       100%        4
 Martyr's Knell           Necr/Summ      0%         N/A       100%        4
 Sticky Flame             Fire/Alch      0%         2d4       100%        4
 Summon Lightning Spire   Summ/Air       0%         N/A       100%        4
 Alistair's Intoxication  Alch           0%         N/A       100%        5
 Curse of Agony           Necr           0%         N/A       100%        5
 Freezing Cloud           Conj/Ice/Air   0%         6-21      100%        5
 Death Channel            Necr           0%         N/A       100%        6
 Plasma Beam              Fire/Air       0%         2x1d10    100%        6
 Sculpt Simulacrum        Ice/Alch       0%         N/A       100%        6
 Starburst                Conj/Fire      0%         6d3       100%        6
 Haunt                    Necr/Summ      0%         N/A       100%        7
 Ignition                 Fire           0%         3d3       100%        8
 Infestation              Necr           0%         N/A       100%        8
 Cigotuvi's Dreadful Rot  Necr/Alch/Air  Unusable   N/A       N/A         2

Dungeon Overview and Level Annotations

Branches:
Dungeon (15/15)            Temple (1/1) D:4            Lair (5/5) D:9
  Swamp (0/4) Lair:2       Spider (0/4) Lair:2        Slime (0/5) Lair:5
    Orc (2/2) D:12            Elf (2/3) Orc:2        Vaults (0/5) D:13
 Depths (0/4) D:15          Sewer (visited)           IceCv (visited)

Altars:
Ashenzari
Cheibriados
Dithmenos
Elyvilon
Fedhas
Gozag
Hepliaklqana
Kikubaaqudgha
Makhleb
Nemelex Xobeh
Okawaru
Qazlal
Ru
Sif Muna
Trog
Uskayaw
Vehumet
Wu Jian
Xom
Yredelemnul
Zin
The Shining One

Shops:
D:5 :*   D:13 ==[(   D:14 *   Orc:1 *[?   Orc:2 ?*=[   Elf:1 =

Annotations:
D:7 Dowan
D:8 3 runed translucent doors
D:12 2 transporters, exclusion: orange crystal statue
Temple 2 transporters
Orc:1 exclusion: oklob plant


Innate Abilities, Weirdness & Mutations

You are immune to sickness and miasma.
Your stone body is resilient. (AC +12)
You are immune to poison.
Your large and strong wings let you fly.
You resist negative energy. (rN+)
You are resistant to electric shocks. (rElec)
You are resistant to unholy torment.
You are immune to petrification.


Message History

You hit the earth elemental but do no damage.
The liquid fire burns you!
You hit the earth elemental.
The earth elemental is lightly damaged.
The liquid fire burns you! You block the earth elemental's attack.
You are too injured to fight recklessly!
You are too injured to fight recklessly!
You are too injured to fight recklessly!
You are too injured to fight recklessly!
You shake off some of the fire as you move.
The liquid fire burns you!
There is an open door here.
You shake off some of the fire as you move.
The liquid fire burns you!
* * * LOW HITPOINT WARNING * * *
As you close the door, it creaks loudly!
The liquid fire burns you!
* * * LOW HITPOINT WARNING * * *
You shake off some of the fire as you move.
The liquid fire burns you!
* * * LOW HITPOINT WARNING * * *
You feel better. The liquid fire burns you!
* * * LOW HITPOINT WARNING * * *
You shake off some of the fire as you move.
The liquid fire burns you!
* * * LOW HITPOINT WARNING * * *
You shake off some of the fire as you move.
The liquid fire burns you!
* * * LOW HITPOINT WARNING * * *
You feel better. The liquid fire burns you!
* * * LOW HITPOINT WARNING * * *
You feel better. The liquid fire burns you!
* * * LOW HITPOINT WARNING * * *
You shake off some of the fire as you move.
The liquid fire burns you!
You die...

'##.###..###.###..# .........
.###'##...#.......# #).......
.###.##..#.......## ##E.......
.##..##...#...#######+##.....#
.##..##..##..## ##..## #'###
'###.##..##..# ##...## ..
)).#.##..#...# ##.....# .
..)####..[#..###......#
....###..#...##.@#'#####
..#.).[..##..'..##.# #..
.###..'..##..'..##.# #.. .#
####......#####'# ... .. ##
#......# ... .. .e# ########
... .'## .. #'. ##.. #...


There were no monsters in sight!

Vanquished Creatures
  Jorgrun (Orc:2)
  Kirke (D:14)
  A tengu reaver (D:14)
  A storm dragon (D:14)
  An orc warlord (Orc:1)
  A reaper (IceCv)
  A fire dragon (Lair:2)
  An ettin (Orc:2)
  A rakshasa (D:15)
  Josephine (Orc:1)
  7 hydras
  Fannar (D:12)
  3 catoblepae
  4 two-headed ogres
  2 centaur warriors (D:14)
  3 boulder beetles
  7 death yaks
  5 dancing weapons
  A deep troll shaman (Lair:5)
  An orc high priest (Orc:2)
  3 deep elf knights (Elf:1)
  A skyshark (Lair:2)
  A flayed ghost (D:14)
  Lodul (D:14)
  An orb spider (Lair:2)
  2 arcanists
  A lindwurm (Lair:2)
  A glowing orange brain (D:15)
  6 orc knights
  11 deep elf zephyrmancers
  2 necromancers (D:13)
  15 deep elf pyromancers
  9 cyclopes
  2 deep elf archers (Elf:2)
  7 ugly things
  6 orc sorcerers (Orc:2)
  6 manticores
  8 elephants
  Maurice (D:11)
  A meliai (shapeshifter) (D:13)
  3 meliai (D:14)
  A kobold blastminer (Orc:1)
  An ice statue (IceCv)
  7 black mambas
  A torpor snail (Lair:5)
  11 cane toads
  A gargoyle (D:11)
  4 molten gargoyles (D:14)
  An unseen horror (D:12)
  9 komodo dragons
  3 rime drakes
  2 kobold demonologists
  An efreet (D:11)
  2 anaconda simulacra (IceCv)
  Psyche (D:11)
  20 trolls
  2 polar bears
  3 merfolk (D:13)
  7 saltlings (Orc:2)
  A wind drake (shapeshifter) (D:15)
  A hornet (D:8)
  Prince Ribbit (D:5)
  8 blink frogs
  7 dream sheep (Lair:4)
  17 slime creatures
  An air elemental (Elf:1)
  5 wraiths
  A vampire (D:10)
  A dire elephant simulacrum (IceCv)
  A spriggan (Lair:1)
  3 wyverns
  A water elemental (Elf:2)
  A shadow (D:12)
  58 yaks
  4 basilisks
  12 humans (D:13)
  A warg (Orc:2)
  2 hogs (D:15)
  2 steam dragons
  A death yak simulacrum (IceCv)
  19 vampire mosquitoes
  2 harpy simulacra (IceCv)
  20 water moccasins
  2 ice beasts
  22 orc warriors
  3 sky beasts
  5 black bears
  12 ogres
  9 wolves
  6 centaurs
  3 phantoms
  4 kobold brigands
  18 bullfrogs
  A gnoll sergeant (D:10)
  4 two-headed ogre simulacra (IceCv)
  2 cane toad simulacra (IceCv)
  2 scorpions (D:5)
  An earth elemental (Elf:1)
  6 wights
  2 elephant simulacra (IceCv)
  7 killer bees (D:8)
  5 howler monkeys
  2 electric eels (D:10)
  3 bombardier beetles
  14 orc priests
  3 hounds
  3 iguanas
  Jessica (D:3)
  2 sleepcaps
  21 orc wizards
  3 polar bear simulacra (IceCv)
  7 spriggan simulacra (IceCv)
  3 wolf simulacra (IceCv)
  5 troll simulacra (IceCv)
  12 gnolls
  2 naga simulacra (IceCv)
  7 adders
  2 river rats (Sewer)
  3 shadow imps
  5 white imps
  6 ufetubi
  3 dart slugs
  72 orcs
  3 ball pythons
  10 endoplasms
  3 giant cockroaches
  5 goblins
  9 hobgoblins
  2 jackals (D:1)
  4 quokkas
  16 bats
  21 kobolds
  9 rats
754 creatures vanquished.

Vanquished Creatures (others)
  A deep elf pyromancer (Elf:1)
  A slime creature (D:11)
  3 humans (D:15)
  A kobold brigand (Sewer)
  A hound (Lair:3)
  An orc (Orc:2)
8 creatures vanquished.

Grand Total: 762 creatures vanquished

Notes
Turn   | Place    | Note
-------+----------+-------------------------------------------
     0 | D:1      | Yore the Gargoyle Fighter began the quest for the Orb.
     0 | D:1      | Reached XP level 1. HP: 14/14 MP: 1/1
     2 | D:1      | Noticed a gargoyle
     2 | D:1      | Noticed a ghoul
     4 | D:1      | Noticed a draconian
     4 | D:1      | Noticed an armataur
     6 | D:1      | Noticed an oni
     6 | D:1      | Noticed a human
     8 | D:1      | Noticed a merfolk
     8 | D:1      | Noticed a formicid
    10 | D:1      | Noticed a demigod
    12 | D:1      | Noticed an octopode
    12 | D:1      | Noticed a troll
    14 | D:1      | Noticed a djinni
    16 | D:1      | Noticed a spriggan
    18 | D:1      | Noticed a barachi
    20 | D:1      | Noticed a minotaur
    20 | D:1      | Noticed a tengu
    22 | D:1      | Noticed a felid
    22 | D:1      | Noticed an elf
    22 | D:1      | You fall into a shaft and drop 1 floor!
   125 | D:1      | Reached XP level 2. HP: 19/19 MP: 2/2
   574 | D:1      | Reached XP level 3. HP: 21/24 MP: 1/3
   849 | D:2      | Reached skill level 4 in Fighting
  1003 | D:2      | Reached XP level 4. HP: 29/29 MP: 4/4
  1723 | D:3      | Reached XP level 5. HP: 34/34 MP: 3/5
  1912 | D:3      | Noticed Jessica
  1918 | D:3      | Killed Jessica
  2323 | D:3      | Reached XP level 6. HP: 39/39 MP: 6/6
  2508 | D:3      | Found a blossoming altar of Fedhas.
  2590 | D:4      | Identified the ring "Vell" {rN+ Str+7}
  2698 | D:4      | Identified the +3 mace "Hyhiceim" {elec, rElec rCorr Str+3
                  | Int-5}
  2767 | D:4      | Found a staircase to the Ecumenical Temple.
  2893 | Temple   | Found a transporter.
  2893 | Temple   | Found a transporter.
  2893 | Temple   | Found a transporter.
  2893 | Temple   | Found a transporter.
  2893 | Temple   | Entered the Ecumenical Temple
  2930 | D:4      | Reached skill level 5 in Fighting
  2983 | D:4      | HP: 2/40 [ogre/+0 giant club (16)]
  2988 | D:4      | Reached skill level 5 in Maces & Flails
  2988 | D:4      | Reached XP level 7. HP: 21/44 MP: 1/7
  3101 | D:4      | Found a broken altar of Ashenzari.
  3101 | D:4      | Found a sparkling altar of Nemelex Xobeh.
  3102 | D:4      | Found a bloodstained altar of Trog.
  3103 | D:4      | Found an opulent altar of Gozag.
  3103 | D:4      | Found an ornate altar of the Wu Jian Council.
  3402 | D:5      | Entered Level 5 of the Dungeon
  3418 | D:5      | Found Dekh's General Store.
  3426 | D:5      | Bought a scroll of blinking for 105 gold pieces
  3563 | D:5      | Noticed Prince Ribbit
  3572 | D:5      | Killed Prince Ribbit
  3573 | D:5      | Reached skill level 6 in Fighting
  3612 | D:5      | Reached skill level 5 in Armour
  3612 | D:5      | Reached XP level 8. HP: 51/52 MP: 8/8
  3689 | D:5      | Reached skill level 7 in Fighting
  3926 | D:5      | Found Ycseat's Book Boutique.
  3986 | D:5      | Found a glowing drain.
  3995 | Sewer    | Entered a sewer
  4081 | Sewer    | Found a glowing silver altar of Zin.
  4709 | D:6      | Reached skill level 8 in Fighting
  4782 | D:6      | Reached XP level 9. HP: 58/60 MP: 9/9
  4938 | D:6      | Found an ancient bone altar of Kikubaaqudgha.
  5455 | D:7      | Reached skill level 9 in Fighting
  5750 | D:7      | Reached skill level 10 in Fighting
  5817 | D:7      | Identified the +6 plate armour of the Original Sin {rC-
                  | Will- MP+9 Slay+5}
  5936 | D:7      | Noticed Dowan
  6061 | D:7      | Identified the +7 dagger "Ceyhoyt" {freeze, ^Drain +Blink
                  | rPois Str+2}
  6328 | D:7      | Reached XP level 10. HP: 65/68 MP: 10/10
  6759 | D:8      | Reached skill level 11 in Fighting
  6863 | D:8      | Identified the +8 spear "Ubepebik" {antimagic, +Blink rN+
                  | Will-}
  6928 | D:8      | Found the +6 shillelagh "Devastator" {shatter}
  6960 | D:8      | Noticed a brown ugly thing
  6961 | D:8      | Found a runed translucent gate.
  6962 | D:8      | Found a runed translucent gate.
  6962 | D:8      | Noticed a white ugly thing
  6962 | D:8      | Noticed a cyan ugly thing
  6963 | D:8      | Found a runed translucent gate.
  7380 | D:8      | Found a glowing golden altar of the Shining One.
  7387 | D:8      | Became a worshipper of the Shining One
  7710 | D:9      | Noticed a kobold demonologist
  7715 | D:9      | Killed a kobold demonologist
  7813 | D:9      | Found a staircase to the Lair.
  7824 | D:9      | Reached skill level 12 in Fighting
  7981 | D:9      | Identified the +1 robe of Fallacy {rCorr SInv}
  7994 | D:9      | Reached XP level 11. HP: 69/76 MP: 11/11
  8206 | D:10     | Entered Level 10 of the Dungeon
  8238 | D:10     | Found a stormy altar of Qazlal.
  8559 | D:10     | Reached skill level 13 in Fighting
  9356 | D:11     | Reached * piety under the Shining One
  9363 | D:11     | Reached skill level 1 in Invocations
  9363 | D:11     | Noticed a cyclops
  9374 | D:11     | Killed a cyclops
  9415 | D:11     | Noticed Maurice
  9416 | D:11     | Paralysed by Maurice for 2 turns
  9586 | D:11     | Found a basalt altar of Yredelemnul.
  9586 | D:11     | Noticed a two-headed ogre
  9588 | D:11     | Noticed a manticore
  9591 | D:11     | Killed a two-headed ogre
  9592 | D:11     | Reached skill level 5 in Invocations
  9604 | D:11     | Killed a manticore
  9664 | D:11     | Noticed a cyclops
  9671 | D:11     | Killed a cyclops
  9688 | D:11     | Noticed Psyche
  9701 | D:11     | Killed Psyche
  9901 | D:11     | Reached ** piety under the Shining One
  9913 | D:11     | Found a frozen archway.
  9920 | D:11     | Reached XP level 12. HP: 84/84 MP: 18/18
  9986 | IceCv    | Entered an ice cave
 10212 | IceCv    | Reached *** piety under the Shining One
 10309 | IceCv    | Reached **** piety under the Shining One
 10391 | IceCv    | Reached skill level 10 in Invocations
 10514 | IceCv    | Noticed a reaper
 10547 | IceCv    | Killed a reaper
 10708 | D:11     | Killed Maurice
 10971 | D:12     | Reached skill level 10 in Armour
 11159 | Lair:1   | Entered Level 1 of the Lair of Beasts
 11166 | D:9      | Reached skill level 1 in Dodging
 11465 | D:12     | Noticed a two-headed ogre
 11466 | D:12     | Reached skill level 10 in Maces & Flails
 11474 | D:12     | Killed a two-headed ogre
 11560 | D:12     | Found a transporter.
 11560 | D:12     | Noticed a death knight
 11561 | D:12     | Noticed a centaur warrior
 11580 | D:12     | Noticed a yaktaur captain
 11617 | D:12     | Reached ***** piety under the Shining One
 11637 | D:12     | Found a transporter.
 11813 | D:12     | Found a radiant altar of Vehumet.
 12081 | D:12     | Noticed Fannar
 12118 | D:12     | Killed Fannar
 12119 | D:12     | Reached skill level 14 in Fighting
 12135 | D:12     | Noticed a soul eater
 12140 | D:12     | Noticed a sun demon
 12161 | D:12     | Reached XP level 13. HP: 79/90 MP: 21/21
 12297 | D:12     | Found a staircase to the Orcish Mines.
 12306 | Orc:1    | Entered Level 1 of the Orcish Mines
 12306 | Orc:1    | Found Conkeiff's Magic Scroll Emporium.
 12367 | Orc:1    | Bought 2 scrolls of blinking for 180 gold pieces
 12367 | Orc:1    | Bought a scroll of teleportation for 36 gold pieces
 12367 | Orc:1    | Bought a scroll of teleportation for 36 gold pieces
 12367 | Orc:1    | Bought a scroll of identify for 24 gold pieces
 12367 | Orc:1    | Bought a scroll of identify for 24 gold pieces
 12367 | Orc:1    | Bought a scroll of identify for 24 gold pieces
 12367 | Orc:1    | Bought a scroll of fog for 48 gold pieces
 12367 | Orc:1    | Bought a scroll of fog for 48 gold pieces
 12380 | Orc:1    | Found Neonyfomn's Armour Shoppe.
 12395 | Orc:1    | Bought a +2 pair of boots for 181 gold pieces
 12439 | Orc:2    | Entered Level 2 of the Orcish Mines
 12439 | Orc:2    | Noticed an orc warlord
 12588 | Orc:1    | Noticed Josephine
 12599 | Orc:1    | Killed Josephine
 13819 | Lair:2   | You fall into a shaft and drop 1 floor!
 13943 | Lair:2   | Found a hole to the Spider Nest.
 14043 | Lair:2   | Reached skill level 15 in Fighting
 14324 | Lair:2   | Found a staircase to the Swamp.
 14588 | Lair:2   | Gained mutation: Your large and strong wings let you fly.
                  | [Gargoyle growth]
 14588 | Lair:2   | Reached XP level 14. HP: 97/98 MP: 23/23
 16246 | Lair:4   | Reached skill level 16 in Fighting
 16374 | Lair:4   | Identified the +5 battleaxe "Duiz" {heavy, +Blink Stlth+}
 16499 | Lair:4   | Reached skill level 5 in Dodging
 16897 | Lair:5   | Entered Level 5 of the Lair of Beasts
 17035 | Lair:5   | Identified the +7 plate armour of Focus {Str+3}
 17172 | Lair:5   | Found a staircase to the Slime Pits.
 17326 | Lair:5   | Reached ****** piety under the Shining One
 18161 | Lair:5   | Reached skill level 17 in Fighting
 18638 | D:13     | Reached XP level 15. HP: 97/107 MP: 24/24
 18680 | D:13     | Found Dos Ihau's Antique Armour Boutique.
 18808 | D:13     | Found a gate to the Vaults.
 19246 | D:13     | Found Gurchu's Jewellery Emporium.
 19253 | D:13     | Found Buweptih's Jewellery Shop.
 19343 | D:13     | Found a shadowy altar of Dithmenos.
 19529 | D:13     | Found Xydichan's Antique Weapon Shop.
 20147 | D:14     | Noticed Lodul
 20175 | D:14     | Paralysed by Lodul for 4 turns
 20186 | D:14     | Killed Lodul
 21227 | D:14     | Noticed a tengu reaver
 21250 | D:14     | Killed a tengu reaver
 21284 | D:14     | Noticed a storm dragon
 21286 | D:14     | Found Ixairph's Assorted Antiques.
 21310 | D:14     | Killed a storm dragon
 21311 | D:14     | Reached skill level 18 in Fighting
 21961 | D:15     | Entered Level 15 of the Dungeon
 21963 | D:15     | Noticed Kirke
 22445 | D:14     | Killed Kirke
 23286 | D:15     | Found a staircase to the Depths.
 23699 | Orc:1    | Killed an orc warlord
 23791 | Orc:2    | Found a staircase to the Elven Halls.
 23865 | Orc:2    | Reached XP level 16. HP: 106/116 MP: 26/26
 24095 | Orc:2    | Noticed Jorgrun
 24108 | Orc:2    | Killed Jorgrun
 24401 | Orc:2    | Found Eladghe's Armour Shoppe.
 24420 | Orc:2    | Found Zeihu's General Store.
 24680 | Orc:2    | Found Kempujy's Magic Scroll Boutique.
 24694 | Orc:2    | Bought a scroll of blinking for 127 gold pieces
 24694 | Orc:2    | Bought a scroll of enchant armour for 127 gold pieces
 24698 | Orc:2    | Bought a potion of curing for 42 gold pieces
 24698 | Orc:2    | Bought a +6 ring of dexterity for 504 gold pieces
 24698 | Orc:2    | Bought a potion of mutation for 112 gold pieces
 24713 | Orc:2    | Found Egubam's Jewellery Shop.
 25007 | Orc:1    | Reached skill level 19 in Fighting
 25351 | Orc:1    | Found Mawur's General Store.
 25355 | Orc:1    | Bought a potion of curing for 39 gold pieces
 25464 | Elf:1    | Entered Level 1 of the Elven Halls
 25782 | Elf:1    | Identified the blade talisman "Jime" {rElec rCorr Str-2
                  | Dex-3}
 25903 | Elf:1    | Paralysed by an air elemental for 1 turns
 26488 | Elf:1    | Found Pot Kuhophi's Jewellery Boutique.
 26909 | Elf:1    | You are sucked into a shaft and drop 1 floor!
 27298 | Elf:1    | Incinerated by a deep elf pyromancer

Illustrated notes

Levels and vault maps discovered:
D:1:      kb_arrival_jail, layout_loops_ring
D:2:      minmay_kobold_bridge, layout_basic, fountainhead, st_stairs_6,
          nicolae_the_louvre
D:3:      layout_loops_corners, fedhas_altar_2, uniq_jessica
D:4:      layout_loops_ring, grunt_temple_overflow_open, temple_pool_b,
          minmay_tree_intersection, minmay_distorted
D:5:      layout_rooms, serial_shops, nicolae_square_shop,
          nicolae_shop_rolling_square, portal_sewer_entry_d,
          serial_bayou_lagoon_a, uniq_prince_ribbit1
D:6:      layout_basic, kennysheep_mini, roderic_batcave
D:7:      layout_basic, nrook_loot_triangle, minmay_diced_spiral, uniq_duvessa
D:8:      layout_loops_ring, kennysheep_little_box,
          ploomutoo_gammafunk_ghost_potion_laboratory
D:9:      layout_gridville, due_lair_maze_entry_diamond
D:10:     layout_stronghold, mainiacjoe_overflow_boulevard, serial_bayou,
          serial_bayou_pond_e, serial_bayou_pond_e, serial_bayou_shore_a,
          serial_bayou_shore_b
D:11:     layout_cave_pools, portal_ice_cave_entry_pillars_2,
          minmay_ruined_shrine, uniq_psyche, uniq_maurice
D:12:     gammafunk_sealed_arena, layout_loops_cross, david_orc_4,
          nicolae_vehumet_altar_sigil, uniq_fannar
D:13:     layout_loops_ring, david_vaults_1, serial_shops,
          nicolae_shop_pleasant_corner_grove, shop,
          nicolae_shop_window_shopping, shop, roadster_trireme
D:14:     minmay_glassy_protrusions, layout_stronghold, serial_bayou_shore_b,
          serial_shops, nicolae_shop_dealshenge, minivault_8, uniq_lodul
D:15:     gammafunk_enter_depths_forms, layout_rooms, minivault_19,
          minmay_misc_feat_cross, uniq_kirke
Temple:   hellmonk_temple_divided_pantheon
Lair:1:   layout_cave_shapes, grunt_forest_large_clearing_hut,
          infiniplex_staircase_pool_2
Lair:2:   nzn_winding_woodlands_small [nzn_winding_woodlands_5x15_jagged,
          nzn_winding_woodlands_center_pierced_h,
          nzn_winding_woodlands_5x15_pool], layout_cave_shapes,
          minmay_swamp_entry_swarm, nicolae_spider_entry_orb_guardian,
          hellmonk_talismancer
Lair:3:   layout_gridlike, beast_lair_carwin_11, serial_bayou_shore_b
Lair:4:   layout_big_grid, dreamdust_mushroom_princess
Lair:5:   grunt_lair_end_beastmaster, layout_regular_city, slime_entry_1,
          serial_forest, infiniplex_forest_straight_4,
          infiniplex_forest_straight_1, infiniplex_forest_lined_2,
          infiniplex_forest_lined_4_way, infiniplex_forest_clump_long,
          st_stairs_7
Orc:1:    layout_caves, serial_shops, nicolae_shop_waterfront, shop,
          nicolae_shop_back_alley_shop, mines3_lemuel, uniq_josephine
Orc:2:    hellmonk_orc_salted, layout_diamond_mine, uniq_jorgrun
Elf:1:    minmay_elf_arrival_summoners, layout_geoelf_octagon, serial_shops,
          shop, hangedman_corner_corridor, minmay_elf_demonology
Elf:2:    nicolae_elf_blades_crystal_corner, layout_loops_ring,
          serial_sigils_hangedman_gut, tekkud_shop_of_orbs, uniq_zenata

Skill      XL: |  1  2  3  4  5  6  7  8  9 10 11 12 13 14 15 16 |
---------------+-------------------------------------------------+-----
Fighting       | 4 5 6 8 10 12 13 14 15 17 18 19 | 19.6
Maces & Flails | 3 4 5 6 7 9 10 11 12 13 | 13.8
Armour         | 4 5 6 7 9 10 11 12 13 14 | 14.4
Shields        | 4 |  4.0
Invocations    | 8 11 12 13 14 | 14.8
Dodging        | 2 4 5 |  5.0
Stealth        | |  0.4

Action                     |  1- 3 |  4- 6 |  7- 9 | 10-12 | 13-15 | 16-18 || total
---------------------------+-------+-------+-------+-------+-------+-------++-------
  Melee: Flail             |    99 |   183 |     8 |       |       |       ||   290
         Mace              |       |       |   222 |   593 |  1290 |   360 ||  2465
  Throw: Boomerang         |       |       |       |     5 |    36 |       ||    41
         Throwing net      |       |       |       |       |     1 |     1 ||     2
 Invoke: Cleansing Flame   |       |       |       |     3 |     8 |     8 ||    19
         Divine Shield     |       |       |       |     1 |     1 |     1 ||     3
  Evoke: Wand              |       |       |       |     4 |     8 |     3 ||    15
    Use: Potion            |       |     5 |       |     3 |     4 |     8 ||    20
         Scroll            |       |     9 |     1 |     2 |    14 |     8 ||    34
   Stab: Invisible         |       |     1 |       |       |       |       ||     1
 Armour: Scale mail        |    24 |       |       |       |       |       ||    24
         Chain mail        |    45 |    87 |       |   140 |   105 |       ||   377
         Ring mail         |       |    62 |    99 |       |       |       ||   161
         Plate armour      |       |       |    13 |   305 |  1015 |   310 ||  1643
         Skin              |       |       |       |     2 |     9 |       ||    11
  Dodge: Dodged            |    42 |    65 |    95 |   182 |   448 |   114 ||   946
  Block: Buckler           |    17 |    48 |   111 |   322 |   685 |   127 ||  1310
         Reflection        |       |       |     6 |    10 |     7 |    12 ||    35
         Other             |       |       |       |       |     3 |       ||     3
